Map: 여명 - 래더 (공허의 유산)

Players

Forte - Winner!

  • Race: Terran Terran
  • League: Master
  • Spawn Location: 1:00

True

  • Race: Zerg Zerg
  • League: Master
  • Spawn Location: 7:00

VOD

Have the link to the VOD?

Description

Time

  • Played on: Nov. 27, 2016, 4:40 a.m.
  • Length: 20:04
Show
View Real Time Build Order
Export as new Build Order

Forte Terran - Winner!

Build Orders: Liberator Opening, Reaper Expand, Bio Mine 

Get SALT Encoding   

  12  0:01  SCV  
  13  0:13  SCV  
  14  0:18  Supply Depot  
  14  0:25  SCV  
  15  0:30  Refinery  
  15  0:40  SCV  
  16  0:45  Barracks  
  16  0:52  SCV  
  17  1:04  SCV  
  18  1:16  SCV  
  19  1:31  Orbital Command  
  19  1:32  Reaper  
  20  1:43  Command Center  
  20  1:54  Factory  
  20  1:58  SCV  
  21  2:07  Barracks Reactor  
  21  2:08  Supply Depot  
  21  2:12  SCV  
  22  2:17  Refinery  
  22  2:24  SCV  
  23  2:36  SCV  
  24  2:45  Starport  
  24  2:48  SCV  
  24  2:49  Hellion x2  
  24  2:50  Marine  
  30  2:56  Orbital Command  
  30  3:00  SCV  
  31  3:08  Marine  
  32  3:14  SCV  
  32  3:19  Widow Mine x2  
  37  3:21  SCV  
  37  3:23  Medivac  
  40  3:29  Supply Depot  
  40  3:30  Marine  
  40  3:38  Liberator  
  40  3:40  SCV x2  
  40  3:52  SCV x2  
  43  3:56  Factory Tech Lab  
  43  4:01  Marine x2  
  45  4:04  SCV x2  
  47  4:14  Command Center  
  47  4:18  Marine  
  47  4:19  Marine  
  47  4:23  SCV x2  
  49  4:35  Supply Depot, SCV x2  
  50  4:57  Factory Reactor, SCV x2  
  50  4:59  Supply Depot, Marine  
  52  5:00  Stimpack  
  52  5:02  Starport Reactor  
  52  5:06  Barracks x2  
  53  5:09  SCV x2  
  53  5:10  Refinery  
  53  5:11  Refinery  
  55  5:18  Marine  
  56  5:21  SCV x2  
  56  5:22  Engineering Bay  
  56  5:23  Engineering Bay, Supply Depot  
  58  5:31  Orbital Command  
  58  5:33  SCV x2  
  60  5:36  Marine  
  67  5:44  Factory Reactor, Viking  
  67  5:45  Viking  
  65  5:51  Terran Infantry Weapons Level 1, Terran Infantry Armor Level 1  
  65  5:52  SCV x2  
  65  5:53  Marine x2  
  65  5:55  Marine  
  70  5:58  Supply Depot  
  70  6:04  Orbital Command  
  70  6:06  Supply Depot  
  70  6:08  Bunker  
  70  6:11  Marine  
  70  6:12  Marine x3  
  70  6:13  Marine  
  70  6:14  SCV x2  
  77  6:18  Medivac x2  
  81  6:25  Widow Mine x2  
  81  6:27  SCV x2  
  81  6:29  Marine x2  
  86  6:40  SCV x2  
  86  6:42  SCV  
  86  6:46  Missile Turret  
  89  6:48  Missile Turret  
  89  6:49  Marine x2  
  89  6:50  Marine x3  
  89  6:52  Missile Turret  
  89  6:53  SCV x2  
  96  6:54  SCV  
  96  6:59  Widow Mine x2  
  98  7:07  Marine x3  
  99  7:09  SCV x3  
  102  7:18  Missile Turret  
  102  7:21  SCV x3  
  102  7:22  Armory  
  105  7:30  Supply Depot  
  105  7:32  Supply Depot  
  105  7:36  Supply Depot  
  98  7:38  SCV x3  
  98  7:40  Marine x3  
  102  7:50  SCV x2  
  100  7:53  Supply Depot  
  100  7:55  Marine x2  
  100  7:56  Supply Depot  
  100  7:58  Marine x3  
  101  8:04  SCV x3  
  104  8:08  Combat Shields  
  104  8:10  Terran Infantry Armor Level 2, Terran Infantry Weapons Level 2  
  104  8:13  Marine x2  
  104  8:16  Marine x3  
  104  8:18  Barracks  
  104  8:19  Barracks, SCV x2  
  111  8:20  Supply Depot  
  111  8:22  Supply Depot  
  111  8:28  Widow Mine x2  
  111  8:31  Medivac x2  
  111  8:34  SCV x3  
  122  8:39  Marine x5  
  124  8:45  Supply Depot  
  124  8:57  Barracks x2  
  124  8:58  Marine  
  124  8:59  Barracks, Marauder, Marine x3  
  124  9:00  Widow Mine x2  
  134  9:05  Medivac  
  134  9:06  Medivac  
  138  9:12  Terran Vehicle And Ship Armor Level 1  
  138  9:16  Marine  
  138  9:18  Supply Depot  
  138  9:19  Supply Depot  
  137  9:26  Barracks Reactor x2  
  137  9:30  Marine  
  137  9:31  Marine x3  
  139  9:34  Marine  
  136  9:48  Marine  
  136  9:49  Marine x3  
  136  9:52  SCV x2, Marine  
  138  10:00  Marine  
  138  10:02  Barracks Tech Lab  
  138  10:03  Barracks Tech Lab  
  138  10:06  Marine x3  
  142  10:07  Marauder  
  142  10:10  Marine  
  142  10:11  SCV x3  
  145  10:14  Refinery  
  145  10:15  Medivac x2  
  145  10:25  Widow Mine  
  145  10:26  Widow Mine  
  143  10:29  Terran Infantry Weapons Level 3  
  142  10:45  Medivac x2  
  142  10:46  Barracks Tech Lab  
  142  10:47  Command Center, Concussive Shells  
  138  10:58  Factory  
  136  11:09  Terran Vehicle And Ship Armor Level 2  
  134  11:12  Marine  
  134  11:13  Marine x6  
  134  11:14  Widow Mine x2  
  144  11:19  SCV x3  
  144  11:20  Refinery  
  144  11:22  Supply Depot  
  144  11:23  Supply Depot  
  146  11:29  Marine  
  146  11:30  Marauder, Marine x4  
  150  11:37  Medivac x2  
  153  11:43  Factory Tech Lab  
  153  11:44  Widow Mine  
  153  11:45  Widow Mine  
  151  11:48  Marine x5  
  151  11:49  Marine  
  151  11:50  Marine x5  
  151  11:51  Marine  
  151  12:05  Marine  
  151  12:06  Marine x3  
  155  12:08  Engineering Bay  
  155  12:14  Thor  
  155  12:15  Widow Mine x2, Drilling Claws  
  157  12:23  Marauder x3  
  157  12:29  Missile Turret x3  
  161  12:33  SCV x3  
  157  12:37  Medivac x2  
  157  12:39  Marauder  
  163  12:44  Marauder  
  163  12:45  Marauder, SCV x3  
  163  12:49  Planetary Fortress  
  170  12:56  Widow Mine x2  
  174  12:59  Thor  
  176  13:29  Marine  
  176  13:30  Marine x4  
  176  13:32  SCV x3  
  180  13:36  Missile Turret  
  180  13:37  Widow Mine x2  
  180  13:38  Medivac x2, Missile Turret  
  180  13:39  Marauder x3  
  180  13:40  Marine x3  
  180  13:41  Missile Turret  
  197  13:49  Missile Turret  
  194  14:11  Thor  
  194  14:15  Unknown, Marine  
  169  14:33  Marauder, Marine x5  
  169  14:34  Marauder x2, Marine x2  
  166  14:39  Medivac  
  166  14:40  Medivac  
  163  14:47  Unknown  
  139  14:59  Marine  
  117  15:00  Thor, Widow Mine x2, Marauder, Marine x6  
  117  15:03  Marine  
  117  15:04  Marine x3  
  113  15:09  Liberator x2  
  113  15:10  Command Center  
  113  15:15  Unknown x2  
  113  15:17  Marine x3  
  113  15:18  Marine x2  
  113  15:19  Terran Infantry Armor Level 3  
  123  15:21  Marauder  
  123  15:27  Marine x6  
  130  15:29  SCV x2  
  130  15:30  SCV  
  130  15:31  SCV  
  130  15:35  Marine  
  135  15:36  Terran Vehicle And Ship Armor Level 3  
  134  15:51  Thor, Widow Mine x2  
  134  15:53  Marine  
  134  15:57  Marauder x2, Marine x7  
  156  16:09  Marine  
  139  16:12  Marine  
  130  16:19  Marine  
  130  16:20  Marine x6  
  127  16:26  Marine x2  
  127  16:27  Marine  
  127  16:30  Marine  
  125  16:37  Marine  
  125  16:38  Marine x6  
  117  16:41  Thor  
  117  16:43  Marine  
  117  16:44  Refinery, Marine x2  
  117  16:46  Refinery  
  122  16:47  Marine  
  122  16:49  Widow Mine x2  
  122  16:51  Medivac  
  127  16:55  Marine x6  
  127  16:56  Marine  
  127  16:57  Missile Turret  
  127  16:58  Missile Turret x2  
  134  17:01  Marine  
  134  17:02  Marine x2  
  134  17:05  Marine  
  134  17:07  Planetary Fortress  
  138  17:10  Missile Turret  
  138  17:13  Marine x2  
  137  17:20  Missile Turret  
  136  17:22  Widow Mine  
  136  17:23  Widow Mine  
  138  17:32  Marine x5  
  140  17:38  SCV x3  
  136  17:53  Unknown  
  136  18:02  Widow Mine x3  
  136  18:03  Marine x9  
  151  18:11  Missile Turret  
  151  18:12  SCV  
  152  18:24  SCV  
  152  18:25  Medivac  
  152  18:26  Medivac  
  155  18:36  SCV  
  143  18:48  SCV  
  141  18:49  Marine x2  
  141  18:50  Marine x6  
  141  18:53  Widow Mine x2  
  135  18:58  Marine  
  135  18:59  Marauder  
  135  19:00  SCV  
  132  19:04  Marine  
  121  19:14  Marine  
  121  19:15  Marine x3  
  121  19:16  Marine  
  109  19:17  Marine x2  
  109  19:23  Marine x4  
  103  19:32  Marine  
  103  19:33  Marine x3  
  103  19:34  Marine  
  103  19:35  Marine x2  
  103  19:53  Unknown x3  
Show
View Real Time Build Order
Export as new Build Order

True Zerg 

Build Orders: Hatch First, Muta Ling Bane 

Get SALT Encoding   

  12  0:01  Drone  
  13  0:12  Overlord  
  13  0:18  Drone  
  14  0:31  Drone x2  
  14  0:34  Drone  
  17  0:53  Hatchery  
  17  0:56  Drone  
  17  1:09  Spawning Pool  
  17  1:10  Extractor  
  15  1:14  Drone  
  16  1:18  Drone  
  16  1:21  Drone  
  18  1:28  Drone  
  19  1:38  Overlord  
  19  1:55  Queen  
  19  1:56  Zergling x2  
  19  2:00  Zergling x2  
  23  2:04  Queen  
  23  2:05  Zergling x2  
  26  2:10  Metabolic Boost  
  26  2:13  Drone  
  27  2:18  Drone  
  27  2:22  Drone  
  29  2:31  Queen  
  29  2:35  Drone  
  29  2:36  Drone  
  32  2:44  Overlord  
  32  2:46  Drone  
  32  2:49  Drone  
  34  2:55  Overlord  
  34  2:59  Drone  
  34  3:11  Drone x3  
  37  3:16  Drone x2  
  37  3:19  Drone x2  
  42  3:20  Drone  
  42  3:26  Drone  
  43  3:27  Drone  
  43  3:34  Zergling x2  
  44  3:36  Zergling x2  
  39  3:50  Drone x4  
  39  3:53  Drone x2  
  39  3:54  Drone  
  46  3:56  Lair  
  46  3:57  Drone  
  46  3:59  Drone  
  48  4:09  Evolution Chamber, Overlord  
  47  4:10  Evolution Chamber  
  47  4:11  Overlord  
  47  4:14  Extractor  
  44  4:26  Overlord  
  44  4:29  Drone x4  
  44  4:30  Drone x3  
  51  4:35  Drone  
  51  4:38  Zerg Melee Weapons Level 1, Zerg Ground Armor Level 1  
  52  4:41  Drone  
  49  4:46  Drone  
  49  4:50  Spore Crawler  
  49  4:51  Drone x2  
  49  4:52  Zergling x4  
  52  5:07  Drone x3  
  52  5:08  Drone  
  52  5:10  Hatchery, Drone  
  52  5:13  Drone  
  57  5:19  Queen  
  57  5:20  Zergling x4  
  62  5:21  Zergling x2  
  62  5:23  Zergling x2  
  62  5:26  Spore Crawler  
  62  5:27  Zergling x2  
  63  5:30  Zergling x2  
  63  5:34  Zergling x2  
  63  5:35  Overlord  
  64  5:49  Drone x3  
  67  5:50  Overlord  
  67  5:53  Overlord, Extractor  
  67  5:54  Drone  
  67  5:55  Drone x2  
  69  6:01  Drone  
  70  6:04  Spire  
  70  6:07  Zergling x2  
  70  6:13  Zergling x4  
  70  6:14  Zergling x4, Overseer  
  70  6:18  Zergling x2  
  75  6:22  Zergling x2  
  75  6:24  Zergling x6, Queen  
  77  6:29  Zergling x2  
  78  6:35  Zergling x2  
  76  6:40  Zergling x4  
  76  6:42  Zergling x4  
  76  6:43  Zerg Ground Armor Level 2, Zerg Melee Weapons Level 2  
  76  6:44  Zergling x2  
  76  6:45  Zergling x2  
  82  6:52  Zergling x6  
  82  6:53  Zergling x2  
  82  6:54  Zergling x2  
  87  6:56  Zergling x2  
  87  6:59  Overlord  
  87  7:00  Zergling x2  
  86  7:17  Mutalisk x3  
  86  7:20  Drone x4  
  86  7:21  Overlord, Drone x2  
  98  7:23  Overlord  
  98  7:24  Overlord  
  98  7:27  Overlord  
  98  7:29  Zerg Flyer Weapons Level 1  
  97  7:41  Mutalisk  
  88  7:53  Mutalisk  
  88  7:54  Zergling x6  
  88  7:55  Zergling x4  
  88  8:02  Mutalisk  
  85  8:07  Zergling x18  
  85  8:08  Zergling x2  
  85  8:10  Zergling x8, Extractor x2  
  85  8:11  Zergling x4  
  85  8:12  Baneling Nest  
  98  8:21  Mutalisk  
  98  8:25  Overlord  
  99  8:34  Mutalisk  
  99  8:39  Queen  
  101  8:48  Zergling x24  
  103  8:49  Zergling x2, Mutalisk  
  114  8:59  Centrifical Hooks  
  114  9:01  Zergling x2  
  114  9:02  Zergling x4  
  117  9:07  Zergling x6  
  117  9:09  Mutalisk  
  120  9:15  Mutalisk  
  120  9:17  Zergling x12  
  124  9:18  Zergling x2  
  127  9:30  Baneling x9  
  127  9:33  Zergling x6  
  127  9:36  Mutalisk  
  127  9:38  Zergling x6  
  134  9:45  Mutalisk  
  134  9:47  Overlord x2  
  134  9:48  Zergling x4  
  134  9:52  Hatchery, Overlord  
  137  9:54  Overlord  
  137  10:07  Mutalisk x3  
  137  10:12  Overlord  
  137  10:13  Drone x2  
  137  10:14  Drone x2  
  148  10:17  Extractor  
  148  10:19  Mutalisk  
  148  10:20  Zergling x4  
  150  10:22  Mutalisk  
  150  10:27  Zergling x8  
  155  10:30  Mutalisk  
  154  10:38  Drone  
  154  10:39  Drone x4  
  154  10:42  Mutalisk  
  154  10:47  Drone x4  
  159  11:00  Mutalisk  
  159  11:01  Mutalisk x2  
  164  11:12  Zerg Flyer Weapons Level 2  
  164  11:22  Hatchery  
  164  11:24  Baneling x4  
  164  11:25  Mutalisk  
  163  11:27  Overlord x2  
  163  11:32  Zergling x16  
  170  11:33  Hatchery  
  170  11:35  Overseer  
  170  11:36  Pneumatized Carapace  
  170  11:37  Zergling x2  
  169  11:45  Mutalisk  
  169  12:02  Mutalisk x2  
  169  12:06  Mutalisk x2  
  171  12:13  Spore Crawler, Mutalisk  
  172  12:19  Overseer  
  170  12:29  Drone x8  
  177  12:31  Overseer  
  177  12:35  Baneling x11  
  177  12:36  Baneling  
  177  12:41  Baneling  
  177  12:42  Baneling x3  
  177  12:50  Zergling x6  
  177  12:51  Zergling x12  
  186  12:55  Baneling x8  
  186  12:56  Zergling x2  
  186  12:57  Zergling x2  
  188  13:05  Zergling x8  
  187  13:11  Zergling x2  
  188  13:15  Zergling x6  
  188  13:16  Zergling x2  
  188  13:17  Zergling x4  
  188  13:19  Baneling x5  
  192  13:20  Baneling x2  
  192  13:24  Baneling x2  
  192  13:25  Baneling x2  
  186  13:33  Zerg Flyer Armor Level 1  
  186  13:34  Mutalisk x2  
  184  13:35  Zergling x8  
  186  13:42  Mutalisk  
  186  13:44  Drone x3  
  186  13:47  Zergling x2  
  186  13:48  Zergling x10  
  195  13:51  Zergling x4  
  195  13:54  Overlord  
  194  14:02  Overlord  
  194  14:04  Mutalisk  
  196  14:13  Baneling x14  
  196  14:14  Baneling x3  
  194  14:19  Zergling x4  
  194  14:20  Zergling x8  
  183  14:32  Zergling x2  
  183  14:33  Zergling x12  
  183  14:36  Zergling x2  
  183  14:38  Zergling x2  
  179  14:39  Zergling x2  
  179  14:41  Zergling x2  
  179  14:42  Baneling x6  
  179  14:43  Baneling x4  
  179  14:44  Mutalisk  
  181  14:51  Mutalisk  
  160  14:54  Zergling x2  
  160  14:55  Zergling x2  
  160  14:58  Mutalisk  
  143  15:00  Zergling x2  
  143  15:03  Mutalisk  
  122  15:10  Zergling x2  
  122  15:11  Zergling x2  
  115  15:16  Mutalisk  
  115  15:19  Baneling x5  
  115  15:20  Zergling x8  
  121  15:22  Zergling x8  
  121  15:26  Queen  
  121  15:27  Zergling x2, Queen  
  130  15:31  Zergling x2  
  130  15:32  Zergling x4, Extractor  
  130  15:33  Baneling  
  130  15:34  Baneling x7  
  130  15:35  Zergling x4  
  133  15:39  Extractor  
  133  15:42  Zergling x2  
  134  15:43  Baneling x5  
  134  15:44  Zergling x4  
  134  15:45  Zergling x2  
  134  15:46  Zergling x2  
  138  15:52  Zergling x2  
  138  15:53  Zergling x4  
  138  15:54  Zergling x4  
  138  15:55  Zergling x2  
  143  15:57  Zergling x2  
  143  16:00  Zergling x2  
  143  16:01  Zergling x4  
  143  16:02  Zergling x2  
  146  16:05  Zergling x2  
  146  16:09  Zergling x2  
  146  16:10  Mutalisk x2  
  136  16:13  Baneling x2  
  136  16:14  Baneling x5  
  136  16:15  Zergling x6  
  136  16:16  Zergling x2  
  134  16:22  Mutalisk  
  134  16:28  Overseer  
  128  16:36  Mutalisk  
  128  16:37  Mutalisk  
  125  16:43  Mutalisk  
  125  16:44  Zergling x20  
  135  16:47  Hatchery  
  135  16:48  Zergling x2  
  135  16:49  Zergling x2  
  136  16:56  Zergling x4  
  136  16:59  Zergling x4  
  140  17:01  Baneling  
  140  17:02  Baneling x9  
  140  17:06  Zergling x2  
  140  17:07  Baneling  
  140  17:08  Zergling x2, Baneling x2  
  141  17:11  Zergling x4  
  141  17:15  Hatchery  
  143  17:18  Zergling x4  
  143  17:20  Zergling x4  
  147  17:28  Zergling x4  
  147  17:29  Zergling x2  
  150  17:32  Mutalisk  
  150  17:33  Zergling x4  
  150  17:35  Zergling x8  
  157  17:39  Zergling x2  
  157  17:41  Zergling x2  
  157  17:43  Zergling x4  
  158  17:49  Baneling  
  158  17:50  Baneling x11  
  158  17:51  Baneling  
  157  17:56  Zergling x4  
  157  17:57  Zergling x2  
  160  17:59  Zergling x2  
  161  18:05  Zergling x2  
  161  18:06  Zergling x4  
  161  18:08  Zergling x2  
  163  18:14  Spore Crawler  
  158  18:21  Zergling x8  
  158  18:23  Zergling x6  
  152  18:36  Mutalisk x3  
  152  18:41  Mutalisk x2  
  138  18:42  Zergling x8  
  138  18:43  Baneling  
  138  18:44  Baneling x6  
  138  18:46  Zergling x2  
  138  18:51  Zergling x2  
  138  18:52  Zergling x2  
  138  18:53  Zergling x4  
  138  18:55  Zergling x2  
  132  18:56  Zergling x2  
  126  19:06  Zergling x2  
  126  19:07  Zergling x4  
  126  19:08  Zergling x2  
  81  19:17  Mutalisk  
  81  19:21  Mutalisk  
  77  19:28  Zergling x10  
  77  19:31  Zergling x4  
  71  19:32  Zergling x2  
  71  19:33  Zergling x2  
  71  19:36  Zergling x4  
  75  19:38  Baneling  
  75  19:39  Zergling x4, Baneling  
  75  19:40  Zergling x6  
  80  19:47  Zergling x2  
Tags
 
Add a new tag
Caveats
  • Supply blocks, unpowered buildings, or Contaminate may cause inaccurate times.
  • Supply counts are checked every 10 seconds.